 Dungeon Crawl Stone Soup version 0.30-a0-845-g7c6808c8ce (webtiles) character file.

Game seed: 9497282092862280000

51 qeuew the Sneak (level 3, -5/24 HPs)
             Began as an Octopode Brigand on Mar 2, 2023.
             Slain by Natasha (14 damage)
             ... on level 2 of the Dungeon.
             The game lasted 00:01:03 (982 turns).

qeuew the Sneak (Octopode Brigand)                   Turns: 982, Time: 00:01:03

Health: -5/24      AC:  1    Str:  9 (10) XL:     3   Next: 81%
Magic:  3/3        EV: 13    Int: 12 (13) God:
Gold:   65         SH:  0    Dex: 12 (15) Spells: 2/2 levels left

rFire   . . .      SeeInvis .    a - +2 dagger
rCold   . . .      Faith    .    (no shield)
rNeg    . . .      Spirit   .    (helmet restricted)
rPois   .          Reflect  .    (no amulet)
rElec   .          Rampage  .    (no ring)
rCorr   .                        (no ring)
Will    .....                    (no ring)
Stlth   ++++                     (no ring)
HPRegen 0.24/turn                (no ring)
MPRegen 0.08/turn                (no ring)
                                 (no ring)
                                 (no ring)

@: no status effects
A: almost no armour, amphibious, 8 rings, camouflage 1, gelatinous body 1,
(nimble swimmer 1), tentacles
a: no special abilities


You were on level 2 of the Dungeon.
You visited 1 branch of the dungeon, and saw 2 of its levels.

You collected 65 gold pieces.

Inventory:

Hand Weapons
 a - a +2 dagger (weapon)
Missiles
 b - 9 poisoned darts (quivered)
 c - 3 curare-tipped darts
Scrolls
 d - a scroll of identify
Potions
 e - a potion of curing


   Skills:
 + Level 2.3 Fighting
 * Level 2.8 Short Blades
 + Level 2.3 Throwing
 * Level 2.0 Dodging
 + Level 5.6 Stealth


You had 2 spell levels left.
You didn't know any spells.
Your spell library was empty.

Dungeon Overview and Level Annotations

Branches:
Dungeon (2/15)

Altars:

Annotations:
D:2 Natasha


Innate Abilities, Weirdness & Mutations

You cannot wear most types of armour.
You are amphibious.
You can wear up to eight rings at the same time.
Your skin changes colour to match your surroundings (Stealth+).
Your rubbery body absorbs attacks. (AC +1, EV +1)
((You are camouflaged when in or above water. (Stealth+)))
You have tentacles for arms and can constrict up to eight enemies at once.


Message History

You are too injured to fight recklessly!
Natasha is nearby!
You hit Natasha.
You kill Natasha!
Natasha screams in fury as she dies!
You feel your intelligence returning.
Your Dodging skill increases to level 2!
Natasha, Servant of Life and Death comes into view.
Natasha is nearby!
Natasha is nearby!
You hit Natasha. Your grab misses Natasha. Your squeeze misses Natasha.
Natasha is lightly wounded.
Natasha drinks a potion.
Natasha seems to grow stronger.
You hit Natasha. Your grab misses Natasha.
Natasha is moderately wounded.
Natasha mumbles some strange words.
You hit Natasha. Your grab misses Natasha.
Natasha is heavily wounded.
Natasha claws you.
You hit Natasha. Your grab misses Natasha.
Natasha is heavily wounded.
Natasha casts a spell at you. The magic dart hits you!
You are too injured to fight recklessly!
You are too injured to fight recklessly!
You are too injured to fight recklessly!
You are too injured to fight recklessly!
You are too injured to fight recklessly!
You are too injured to fight recklessly!
You are too injured to fight recklessly!
You are too injured to fight recklessly!
You are too injured to fight recklessly!
You are too injured to fight recklessly!
You are too injured to fight recklessly!
You hit Natasha. Your grab misses Natasha.
Natasha is almost dead.
Natasha mewls in sadness.
Natasha claws you!
Ouch! That really hurt!
You die...

#... # .... # #..# #.# #
#..# #.# # #<.# #.# #
..# #.# # #.# #.# # #.#
#.# # #@# #.# #
..####h#####.#########
.......5..............##
#############...........
#########.## #... ####


You could see Natasha (strong) and a crimson imp (summoned).

Vanquished Creatures
  Natasha (D:2)
  5 endoplasms
  2 giant cockroaches (D:1)
  2 hobgoblins (D:1)
  A ball python (D:1)
  2 frilled lizards (D:1)
  3 goblins
  6 kobolds (D:1)
  3 rats (D:1)
25 creatures vanquished.

Notes
Turn   | Place    | Note
-------+----------+-------------------------------------------
     0 | D:1      | qeuew the Octopode Brigand began the quest for the Orb.
     0 | D:1      | Reached XP level 1. HP: 14/14 MP: 1/1
   179 | D:1      | Reached XP level 2. HP: 13/19 MP: 2/2
   811 | D:2      | Reached XP level 3. HP: 24/24 MP: 3/3
   920 | D:2      | Noticed Natasha
   929 | D:2      | Killed Natasha
   976 | D:2      | Noticed Natasha
   982 | D:2      | Slain by Natasha

Illustrated notes

Levels and vault maps discovered:
D:1:      amcnicky_arrival_feature_with_door, layout_loops_ring
D:2:      layout_loops_ring, ebering_ecumenical_altar_webs, serial_shops,
          nicolae_square_shop, dk_noncrumbling_4, minmay_octomino_e4,
          uniq_natasha

Skill      XL: |  1  2  3 |
---------------+----------+-----
Dodging        | 2 |  2.0
Fighting       | |  2.3
Short Blades   | |  2.8
Throwing       | |  2.3
Stealth        | |  5.6

Action                     || total
---------------------------++-------
  Melee: Dagger            ||    46
         Constrict         ||     6
         Tentacles         ||     6
         Punch             ||     1
    Use: Scroll            ||     3
         Potion            ||     1
   Stab: Sleeping          ||     8
         Distracted        ||     1
 Armour: Skin              ||     1
  Dodge: Dodged            ||    13

Table legend: (Time is in decaauts)
 A = Elapsed time spent in this place.
 B = Non-inter-level travel time spent in this place.
 C = Inter-level travel time spent in this place.
 D = Time resting spent in this place.
 E = Time spent auto-exploring this place.
 F = Levels seen in this place.
 G = Mean time per level.
                   A        B        C        D        E       F      G
               +--------+--------+--------+--------+--------+-----+--------+
         Total |    976 |    935 |     41 |      0 |    781 |   2 |  488.0 |
       Dungeon |    976 |    935 |     41 |      0 |    781 |   2 |  488.0 |
               +--------+--------+--------+--------+--------+-----+--------+

Top non-repeatable levels by time:
     D:1: 768 daAuts
     D:2: 208 daAuts
